 Dungeon Crawl Stone Soup version 0.31-a0-237-g2d982f9f85 (webtiles) character file.

Game seed: 17284335556989936829

65 qw the Shooter (level 3, -3/29 HPs)
             Began as a Minotaur Hexslinger on July 10, 2023.
             Slain by a gnoll
             ... wielding a +0 spear
              (7 damage)
             ... on level 2 of the Dungeon.
             The game lasted 00:00:34 (1492 turns).

qw the Shooter (Minotaur Hexslinger)                Turns: 1492, Time: 00:00:34

Health: -3/29      AC:  5    Str: 12    XL:     3   Next: 92%
Magic:  3/3        EV: 11    Int: 10    God:
Gold:   58         SH:  0    Dex: 14    Spells: 3/4 levels left

rFire   . . .        Y - +0 orcbow
rCold   . . .        (shield currently unavailable)
rNeg    . . .        j - +0 ring mail
rPois   .            (helmet restricted)
rElec   .            (no cloak)
rCorr   .            (no gloves)
SInv    .            (no boots)
Will    .....        (no amulet)
Stlth   +            (no ring)
HPRegen 0.24/turn    (no ring)
MPRegen 0.08/turn

%: no passive effects
@: no status effects
A: horns 2, retaliatory headbutt
a: no special abilities


You were on level 2 of the Dungeon.
You visited 1 branch of the dungeon, and saw 2 of its levels.

You collected 58 gold pieces.


Innate Abilities, Weirdness & Mutations

You have a pair of horns on your head.
You reflexively headbutt those who attack you in melee.


   Skills:
 - Level 2.0 Fighting
 + Level 4.2 Ranged Weapons
 - Level 1.0 Armour
 - Level 2.1 Dodging
 - Level 1.0 Spellcasting
 - Level 2.0 Hexes


You had 3 spell levels left.
You knew the following spells:

 Your Spells              Type           Power      Damage    Failure   Level
a - Slow                  Hex            16%        N/A       34%         1

Your spell library contained the following spells:

 Spells                   Type           Power      Damage    Failure   Level
 Inner Flame              Hex/Fire       2%         N/A       83%         3
 Portal Projectile        Hex/Tloc       4%         N/A       83%         3
 Cause Fear               Hex            2%         N/A       98%         4

Inventory:

Hand Weapons
 Y - a +0 orcbow (weapon)
Armour
 j - a +0 ring mail (worn)
Scrolls
 a - 2 scrolls of identify {unknown}
Potions
 d - 2 potions of curing {unknown}
 h - a potion of mutation {unknown}
 i - a potion of lignification {unknown}

Dungeon Overview and Level Annotations

Branches:
Dungeon (2/15)

Altars:


Message History

You shoot an arrow. The arrow barely misses the goblin.
The goblin hits you but does no damage. x2
A gnoll comes into view. It is wielding a +0 halberd.
You shoot an arrow. The gnoll shouts!
The arrow hits the goblin!
You kill the goblin!
The goblin hits you with a +0 dagger.
You shoot an arrow. The arrow closely misses the goblin.
The goblin barely misses you. x2
You shoot an arrow. The arrow barely misses the goblin.
The goblin misses you.
The gnoll hits you from afar with a +0 halberd.
You shoot an arrow. The arrow barely misses the goblin.
The goblin hits you with a +0 dagger. The gnoll barely misses you.
The gnoll misses you. The goblin misses you.
A gnoll comes into view. It is wielding a +0 spear.
You shoot an arrow. The arrow closely misses the goblin.
The goblin hits you but does no damage. The gnoll closely misses you.
You shoot an arrow. The arrow hits the goblin!
You kill the goblin!
The gnoll hits you from afar with a +0 halberd!
You shoot an arrow.
The arrow hits the gnoll but does no damage.
You shoot an arrow. The arrow hits the gnoll.
The gnoll is lightly wounded.
The gnoll misses you.
You shoot an arrow. The arrow closely misses the gnoll.
The gnoll barely misses you.
You shoot an arrow. The arrow closely misses the gnoll.
The gnoll hits you but does no damage.
The gnoll hits you from afar with a +0 spear.
The gnoll closely misses you.
You shoot an arrow. The arrow closely misses the gnoll.
The gnoll barely misses you.
The gnoll hits you from afar with a +0 halberd.
You shoot an arrow. The arrow hits the gnoll.
The gnoll is lightly wounded.
The gnoll hits you from afar with a +0 spear!
You die...

#.# ##.# #.# ## ####
#..# #.. . ...# #..#
#.#.# ##.# #..# #.#.#
#.# #..# #.g.# #.# #..#
#>#g#
##.#######..####@..##...
.................)......
##.#######..####.#.##.##
........##..####.#.#
....................
#######.##..####..... ..
#.##..# #.#.... ##
#.##).# #....... #
#.##..# #.####.


You could see 2 gnolls.

Vanquished Creatures
  A gnoll (D:2)
  A worm (D:2)
  A dart slug (D:1)
  8 ball pythons
  A bat (D:2)
  3 endoplasms
  A giant cockroach (D:1)
  6 goblins (D:2)
  5 hobgoblins (D:1)
  3 jackals (D:1)
  3 quokkas
  3 frilled lizards (D:1)
  8 kobolds
  3 rats
47 creatures vanquished.

Notes
Turn   | Place    | Note
-------+----------+-------------------------------------------
     0 | D:1      | qw the Minotaur Hexslinger began the quest for the Orb.
     0 | D:1      | Reached XP level 1. HP: 16/16 MP: 1/1
     0 | D:1      | 0 ||| qw: Version: 0.3-a-52-g30416fa
     0 | D:1      | 0 ||| qw: Game counter: 5263
     0 | D:1      | 0 ||| qw: Melee chars always use a shield: true
     0 | D:1      | 0 ||| qw: God list: Okawaru
     0 | D:1      | 0 ||| qw: Allow faded altars: false
     0 | D:1      | 0 ||| qw: Do Orc after clearing Dungeon:15 true
     0 | D:1      | 0 ||| qw: Do second Lair branch before Depths: true
     0 | D:1      | 0 ||| qw: Lair rune preference: random
     0 | D:1      | 0 ||| qw: Goals: Normal
     0 | D:1      | 0 ||| PLANNING D:1-11
   173 | D:1      | Reached skill level 3 in Ranged Weapons
   180 | D:1      | Reached XP level 2. HP: 23/23 MP: 2/2
   329 | D:1      | 329 ||| SWAPPING to +0 orcbow.
   331 | D:1      | 331 ||| DROPPING +1 sling.
   350 | D:1      | Found a faded altar of an unknown god.
   475 | D:1      | 475 ||| Stepping ~*~*~tactically~*~*~ (outnumbered).
   488 | D:1      | HP: 5/24 [kobold/+0 dagger (3)]
   698 | D:1      | Reached XP level 3. HP: 29/29 MP: 3/3
   896 | D:1      | 896 ||| UPGRADING to +0 ring mail.
   906 | D:1      | 906 ||| DROPPING +0 robe.
   907 | D:1      | 907 ||| READING scroll labelled PEAJUI AJURCH.
   908 | D:1      | 908 ||| READING scroll labelled ZOTTEBBATWO.
   909 | D:1      | 909 ||| READING scroll labelled ZENOVU CUISEE.
   910 | D:1      | 910 ||| DROPPING scroll of poison.
  1126 | D:2      | Reached skill level 4 in Ranged Weapons
  1459 | D:2      | Reached skill level 1 in Armour
  1491 | D:2      | HP: 3/29 [gnoll/+0 halberd (5)]
  1492 | D:2      | Slain by a gnoll

Levels and vault maps discovered:
D:1:      saegor_arrival_simple_c, layout_loops_ring,
          shapermc_ecumenical_altar_mp_ritualfount, st_stairs_8,
          lexackson_kobold_supper
D:2:      layout_basic, wad_floor_pattern_untrapped, minmay_tripent

Skill      XL: |  1  2  3 |
---------------+----------+-----
Ranged Weapons | 3 4 |  4.2
Fighting       | 2 |  2.0
Armour         | 1 |  1.0
Dodging        | |  2.1
Spellcasting   | |  1.0
Hexes          | |  2.0

Action                     || total
---------------------------++-------
   Fire: Sling             ||    52
         Orcbow            ||    88
    Use: Scroll            ||     3
 Armour: Robe              ||     8
         Ring mail         ||     9
  Dodge: Dodged            ||    53

Table legend:
 A = Non-vault XP
 B = Vault XP
 C = Vault XP percentage of total XP
 D = Non-vault monster count
 E = Vault monster count
 F = Vault count percentage of total count
                 A         B        C        D         E       F
            +---------+---------+-------+---------+---------+-------
      Total |      78 |      15 |  16.1 |      35 |      12 |  25.5
            +---------+---------+-------+---------+---------+-------
        D:1 |      30 |      13 |  30.2 |      16 |      10 |  38.5
        D:2 |      48 |       2 |   4.0 |      19 |       2 |   9.5
            +---------+---------+-------+---------+---------+-------
